 Dungeon Crawl Stone Soup version 0.30.1-3-gfc49f6343a (webtiles) character file.

Game seed: 9793030340897289208

70 monsoonserge the Ducker (level 4, 0/37 HPs)
             Began as a Merfolk Monk on Aug 4, 2023.
             Was a Believer of Wu Jian.
             Succumbed to a kobold brigand's poison
             ... on level 3 of the Dungeon.
             The game lasted 00:04:33 (1756 turns).

monsoonserge the Ducker (Merfolk Monk)              Turns: 1756, Time: 00:04:34

Health: 0/37       AC:  4    Str:  8 (11) XL:     4   Next: 21%
Magic:  4/4        EV: 14    Int:  6 (9)  God:    Wu Jian [**....]
Gold:   170        SH:  0    Dex: 16 (18) Spells: 3/3 levels left

rFire   . . .        o - +0 long sword
rCold   . . .        d - orb {light}
rNeg    . . .        a - +0 robe of Uskayaw {rElec}
rPois   .            (no helmet)
rElec   +            (no cloak)
rCorr   .            (no gloves)
SInv    .            k - +1 pair of boots {rampage}
Will    .....        (no amulet)
Stlth   +            (no ring)
HPRegen 0.26/turn    (no ring)
MPRegen 0.09/turn

%: rampage
@: lethally poisoned (0 -> -10), attractive, glowing
A: (nimble swimmer 2), mertail
a: Renounce Religion, Wall Jump


You were on level 3 of the Dungeon.
You worshipped Wu Jian.
Wu Jian was pleased with you.
You visited 1 branch of the dungeon, and saw 3 of its levels.

You collected 170 gold pieces.

Inventory:

Hand Weapons
 o - a +0 long sword (weapon)
Armour
 a - the +0 robe of Uskayaw (worn) {rElec}
   (You found it on level 2 of the Dungeon)

   rElec:     It insulates you from electricity.
 d - an orb of light (worn)
 k - a +1 pair of boots of rampaging (worn)
Wands
 p - a wand of flame (10)
Scrolls
 f - a scroll of torment {unknown}
 g - a scroll of fear {unknown}
 h - 2 scrolls of identify {unknown}
 i - 2 scrolls of teleportation {unknown}
 j - 3 scrolls of immolation {unknown}
 l - 2 scrolls of poison {unknown}
 m - a scroll of silence {unknown}
Potions
 c - a potion of ambrosia
 n - a potion of lignification {unknown}


   Skills:
 + Level 4.0 Fighting
 + Level 4.7 Long Blades
 + Level 0.1 Armour
 + Level 4.8 Dodging


You had 3 spell levels left.
You didn't know any spells.
Your spell library contained the following spells:

 Spells                   Type           Power      Damage    Failure   Level
 Cigotuvi's Dreadful Rot  Necr/Pois/Air  0%         N/A       58%         2
 Dispel Undead            Necr           0%         3d6       99%         4
 Death Channel            Necr           0%         N/A       100%        6


Dungeon Overview and Level Annotations

Branches:
Dungeon (3/15)

Altars:
Trog
Wu Jian


Innate Abilities, Weirdness & Mutations

((You are very nimble when in or above water. (Stealth+, EV+, Speed+++)))
Your lower body shifts to a powerful aquatic tail in water.


Message History

You spin and attack the kobold.
You slash the kobold!
You kill the kobold!
The Council accepts your kill.
You feel sick. The kobold brigand barely misses you.
Unknown command.
You spin and attack the kobold brigand.
You hit the kobold brigand.
The kobold brigand is heavily wounded.
You feel sick.
The kobold brigand hits you but does no damage.
Unknown command.
Unknown command.
You spin and attack the kobold brigand.
You barely miss the kobold brigand.
The kobold brigand is heavily wounded.
You spin and attack the kobold.
You hit the kobold but do no damage.
You feel sick.
The kobold brigand hits you with a +1 dagger of venom!
You are lethally poisoned!
The kobold hits you with a +0 club.
Unknown command.
You spin and attack the kobold brigand.
You hit the kobold brigand but do no damage.
The kobold brigand is moderately wounded.
You spin and attack the kobold.
You slash the kobold!
You kill the kobold!
The Council accepts your kill.
* * * LOW HITPOINT WARNING * * *
You feel very sick.
The kobold brigand hits you with a +1 dagger of venom.
* * * LOW HITPOINT WARNING * * *
Okay, then.
It was a potion of attraction.
You feel attractive to monsters.
* * * LOW HITPOINT WARNING * * *
You feel very sick.
The kobold brigand completely misses you.
The hobgoblin is attracted toward you.
It was a potion of degeneration.
There was something very wrong with that liquid.
You feel weakened.
You feel dopey.
You feel clumsy.
You die...

#.# #.# .# #.# #.# #.#
#.# # #.# #.# .# #.###.#
.# ####### ###)#...##.#
#..... #§g).).....#
K.......g..#K@≈.8.≈.#
#####.....##..≈...≈.#
###≈≈~###### ##.≈≈.§≈.#
##~~~≈~~~~######.≈≈.≈≈.#
~~~~~~~~~........≈≈.≈≈.#
.#.<~~~...######.≈≈_≈§.#
#....#...# #...≈≈≈≈§..#
......#...# #.#).≈≈≈...#
#######...# #.#........#


You could see a kobold brigand and a hobgoblin.

Vanquished Creatures
  An adder (D:2)
  2 dart slugs (D:2)
  5 bats
  5 endoplasms
  2 giant cockroaches (D:1)
  3 goblins
  4 hobgoblins
  3 jackals (D:2)
  6 kobolds
  A quokka (D:2)
  3 ball pythons
  3 frilled lizards
  16 rats
54 creatures vanquished.

Notes
Turn   | Place    | Note
-------+----------+-------------------------------------------
     0 | D:1      | monsoonserge the Merfolk Monk began the quest for the Orb.
     0 | D:1      | Reached XP level 1. HP: 18/18 MP: 1/1
   244 | D:1      | Reached XP level 2. HP: 24/24 MP: 2/2
   703 | D:1      | Reached XP level 3. HP: 30/30 MP: 3/3
   986 | D:2      | Found an ornate altar of the Wu Jian Council.
  1292 | D:2      | Became a worshipper of the Wu Jian Council
  1292 | D:2      | Reached * piety under Wu Jian
  1292 | D:2      | Reached ** piety under Wu Jian
  1406 | D:2      | Identified the +0 robe of Uskayaw {rElec}
  1412 | D:2      | Reached XP level 4. HP: 37/37 MP: 4/4
  1690 | D:3      | Found a bloodstained altar of Trog.
  1744 | D:3      | Noticed a kobold brigand
  1756 | D:3      | Succumbed to a kobold brigand's poison

Illustrated notes

Levels and vault maps discovered:
D:1:      dpeg_cavernosity, layout_basic, minmay_rat_gold_closets
D:2:      layout_basic, basic_altar
D:3:      cheibrodos_thug_alley, layout_basic, mainiacjoe_overflow_catwalk,
          basic_ecumenical_altar

Skill      XL: |  1  2  3  4 |
---------------+-------------+-----
Long Blades    | 4 |  4.7
Fighting       | 4 |  4.0
Armour         | |  0.1
Dodging        | |  4.8

Action                     |  1- 3 |  4- 6 || total
---------------------------+-------+-------++-------
  Melee: Falchion          |    69 |       ||    69
         Long sword        |    16 |    23 ||    39
Ability: Whirlwind         |       |     7 ||     7
    Use: Potion            |       |     2 ||     2
 Armour: Robe              |    10 |     5 ||    15
         Ring mail         |     7 |       ||     7
  Dodge: Dodged            |    53 |     8 ||    61
